 Dungeon Crawl Stone Soup version 0.29.1-4-g47bece8355 (webtiles) character file.

Game seed: 7252422147335848451

101 ChadusMaximus the Caller (level 5, -5/35 HPs)
             Began as a Human Summoner on Dec 8, 2022.
             Slain by an iguana (13 damage)
             ... on level 3 of the Dungeon.
             The game lasted 00:04:27 (3218 turns).

ChadusMaximus the Caller (Human Summoner)           Turns: 3218, Time: 00:04:27

Health: -5/35      AC:  4    Str:  9    XL:     5   Next: 4%
Magic:  1/9        EV: 12    Int: 17    God:
Gold:   72         SH:  0    Dex: 13    Spells: 4/10 levels left

rFire   . . .      SeeInvis .   d - +0 dagger
rCold   . . .      Faith    .   (no shield)
rNeg    . . .      Spirit   .   a - +0 robe
rPois   .          Reflect  .   (no helmet)
rElec   .          Harm     .   (no cloak)
rCorr   .          Rampage  .   e - +0 pair of gloves
Will    .....                   q - +0 pair of boots
Stlth   ++........              (no amulet)
HPRegen 0.11/turn               (no ring)
MPRegen 0.11/turn               (no ring)

@: no status effects
A: no striking features
a: no special abilities


You were on level 3 of the Dungeon.
You visited 1 branch of the dungeon, and saw 3 of its levels.

You collected 72 gold pieces.

Inventory:

Hand Weapons
 d - a +0 dagger (weapon)
Armour
 a - a +0 robe (worn)
 e - a +0 pair of gloves (worn)
 q - a +0 pair of boots (worn)
Jewellery
 g - a ring of ice
 h - a ring of willpower
 j - a ring of protection from cold
 p - a ring of willpower
Scrolls
 c - a scroll of summoning {unknown}
 f - a scroll of identify
 i - a scroll of poison
 k - a scroll of teleportation {unknown}
 m - a scroll of butterflies {unknown}
 n - a scroll of blinking {unknown}
 o - 2 scrolls of vulnerability {unknown}
Potions
 b - a potion of magic
 l - 4 potions of invisibility {unknown}
 r - a potion of might {unknown}


   Skills:
 - Level 2.0 Dodging
 - Level 2.0 Stealth
 + Level 3.0 Spellcasting
 * Level 5.3 Summonings


You had 4 spell levels left.
You knew the following spells:

 Your Spells              Type           Power      Damage    Failure   Level
a - Summon Small Mammal   Summ           80%        N/A       1%          1
b - Call Canine Familiar  Summ           20%        N/A       6%          3
c - Call Imp              Summ           20%        N/A       3%          2

Your spell library contained the following spells:

 Spells                   Type           Power      Damage    Failure   Level
 Necrotise                Necr           8%         1d4       17%         1
 Sandblast                Erth           4%         2d4       17%         1
 Summon Guardian Golem    Hex/Summ       11%        N/A       17%         3
 Passwall                 Tmut/Erth      1%         N/A       26%         2
 Stone Arrow              Conj/Erth      4%         3d7       45%         3
 Vampiric Draining        Necr           2%         2d6       45%         3
 Summon Lightning Spire   Summ/Air       11%        N/A       50%         4
 Agony                    Necr           2%         N/A       99%         5


Dungeon Overview and Level Annotations

Branches:
Dungeon (3/15)

Altars:
Gozag


Message History

You feel sick.
You feel sick.
You feel sick.
You are no longer poisoned.
Your crimson imp disappears in a puff of smoke!
Your hound disappears in a puff of smoke!
Your rat disappears in a puff of smoke!
A rat comes into view.
An iguana comes into view.
Casting: Call Imp (safe; 3% risk of failure)
Confirm with . or Enter, or press ? or * to list all spells.
You don't know that spell.
Casting: Call Imp (safe; 3% risk of failure)
Confirm with . or Enter, or press ? or * to list all spells.
You miscast Call Canine Familiar.
You are very lightly contaminated with residual magic.
Nothing appears to happen.
Unknown command.
Casting: Call Canine Familiar (dangerous; 6% risk of failure)
Confirm with . or Enter, or press ? or * to list all spells.
The rat bites your hound.
Your hound closely misses the rat.
The rat bites your hound.
Your hound bites the rat.
The rat dies!
Unknown command.
You start resting.
Your magical contamination has completely faded away.
You start resting.
An iguana is nearby!
Your hound bites the iguana.
Casting: Call Canine Familiar (dangerous; 6% risk of failure)
Confirm with . or Enter, or press ? or * to list all spells.
A shadowy apparition takes form in the air.
Your hound disappears in a puff of smoke!
The iguana attacks as you move away! The iguana bites you!
* * * LOW HITPOINT WARNING * * *
Your shadow imp gestures at the iguana.
The iguana barely resists.
Your shadow imp closely misses the iguana.
The iguana attacks as you move away! The iguana bites you!
You die...

#......)#.###.###..
#..........#...#.. .#
#####.##.#...#... ...
#.†#...#...# ....
##.#..###.###....
####.#...#...#....
#....5.#...#...#..#.
#.
#.##l#...#........#.
#.#
#.##@##.###.#.###.#.#
#.# #.##.##..#..#.#
#.... #.#
##.##.###......####...
#.# #..##.##.........#
### #.#
##.###.###........# #
#.###..# #.#
#.#####..#####
#.....## #.# #.#
#.....## #..####
#.###.# ####..##
####.##### #.....#
#..#.


You could see an iguana (ally target) and a friendly shadow imp (summoned).

Vanquished Creatures
  An adder (D:2)
  A worm (D:2)
  3 bats
  An endoplasm (D:3)
  4 goblins
  2 hobgoblins (D:1)
  3 kobolds
  2 quokkas (D:1)
  3 ball pythons
  2 frilled lizards (D:2)
  A rat (D:2)
23 creatures vanquished.

Vanquished Creatures (collateral kills)
  3 adders
  2 worms (D:2)
  A dart slug (D:1)
  2 ball pythons
  2 endoplasms (D:1)
  3 giant cockroaches
  2 goblins (D:2)
  3 hobgoblins
  A quokka (D:2)
  3 frilled lizards (D:1)
  3 kobolds
  2 rats
27 creatures vanquished.

Grand Total: 50 creatures vanquished

Notes
Turn   | Place    | Note
-------+----------+-------------------------------------------
     0 | D:1      | ChadusMaximus the Human Summoner began the quest for the
                  | Orb.
     0 | D:1      | Reached XP level 1. HP: 13/13 MP: 3/3
   476 | D:1      | Reached XP level 2. HP: 10/19 MP: 1/5
   958 | D:1      | Reached XP level 3. HP: 16/24 MP: 2/6
   962 | D:1      | Learned a level 3 spell: Call Canine Familiar
   965 | D:1      | Learned a level 2 spell: Call Imp
  1801 | D:2      | Reached XP level 4. HP: 27/30 MP: 3/7
  2016 | D:2      | Reached skill level 5 in Summonings
  2249 | D:2      | Found a faded altar of an unknown god.
  2251 | D:2      | Noticed a shining eye
  2267 | D:2      | Noticed a great orb of eyes
  2270 | D:2      | Noticed a great orb of eyes
  2270 | D:2      | Noticed a great orb of eyes
  2804 | D:3      | Found an opulent altar of Gozag.
  2867 | D:3      | Noticed a nameless horror
  3154 | D:3      | Reached XP level 5. HP: 29/35 MP: 2/9
  3218 | D:3      | Slain by an iguana

Illustrated notes

Levels and vault maps discovered:
D:1:      dpeg_arrival_tiny_a, layout_basic
D:2:      layout_rooms, hellmonk_ecumenical_altar_watching_god
D:3:      layout_rooms, mainiacjoe_overflow_catwalk,
          chequers_serial_rivers_micro_d, minmay_misc_feat_diagonals,
          minmay_misc_feat_four_crosses

Skill      XL: |  1  2  3  4 |
---------------+-------------+-----
Summonings     | 5 |  5.3
Spellcasting   | 3 |  3.0
Dodging        | |  2.0
Stealth        | |  2.0

Action                   |  1- 3 |  4- 6 || total
-------------------------+-------+-------++-------
Melee: Unarmed           |    13 |       ||    13
       Dagger            |    84 |    56 ||   140
 Cast: Summon Small Mamm |    24 |     3 ||    27
       Call Canine Famil |     5 |     6 ||    11
       Call Imp          |     1 |     6 ||     7
  Use: Scroll            |       |     1 ||     1
 Stab: Sleeping          |     1 |     2 ||     3
       Distracted        |       |     1 ||     1
Armor: Robe              |    45 |    15 ||    60
Dodge: Dodged            |    98 |    32 ||   130
